ITL
PORTLAND PRIVATEERS @ OTSEGO BULLDOGS
09/19/2027
 
TOP OF THE 1ST
Portland Privateers batting - Pitching for Otsego Bulldogs : RHP Troy Parker
Pitching: RHP Troy Parker
Batting: RHB Luis Pineda 0-0: Called Strike
0-1: Ball
1-1: Foul Ball, location: 2F
1-2: Foul Ball, location: 2F
1-2: Ground out 6-3 (Groundball, 6)
Batting: RHB Dave Nelson 0-0: Called Strike
0-1: SINGLE (Groundball, 5D)
Batting: RHB Troy Lau 0-0: Called Strike
0-1: Foul Ball, location: 2F
0-2: Ball
1-2: Ball
2-2: Foul Ball, location: 2F
2-2: SINGLE (Groundball, 34D)
Dave Nelson to second
Throwing error, E9
Dave Nelson scores
Troy Lau to second
Batting: SHB Patrick Larson 0-0: Ball
1-0: Swinging Strike
1-1: Ground out 6-3 (Groundball, 6)
Batting: RHB Santiago Zambrano 0-0: Ball
1-0: Ball
2-0: Called Strike
2-1: Foul Ball, location: 2F
2-2: Foul Ball, location: 2F
2-2: Ball
3-2: Strikes out swinging
Top of the 1st over - 1 run(s), 2 hit(s), 1 error(s), 1 left on base; Portland 1 - Otsego 0
BOTTOM OF THE 1ST
Otsego Bulldogs batting - Pitching for Portland Privateers : LHP Wilbert Cooper
Pitching: LHP Wilbert Cooper
Batting: RHB Luis Antonio Velásquez 0-0: Called Strike
0-1: SINGLE (Line Drive, 5L)
Batting: RHB Ryosei Yamamoto 0-0: Called Strike
0-1: Ball
1-1: Foul Ball, location: 2F
1-2: Strikes out swinging
Batting: RHB Jorge Cisneros 0-0: Called Strike
0-1: Grounds into double play, 4-6-3 (Groundball, 4)
Bottom of the 1st over - 0 run(s), 1 hit(s), 0 error(s), 0 left on base; Portland 1 - Otsego 0
TOP OF THE 2ND
Portland Privateers batting - Pitching for Otsego Bulldogs : RHP Troy Parker
Batting: RHB Luther Stoffels 0-0: Ball
1-0: Foul Ball, location: 2F
1-1: Ground out 5-3 (Groundball, 56)
Batting: LHB Jeff Dorney 0-0: DOUBLE (Line Drive, 9LM)
Batting: LHB Yasuhiko Onodera 0-0: Ball
1-0: Swinging Strike
1-1: Ground out 4-3 (Groundball, 4MS)
Jeff Dorney to third
Batting: RHB Joe Bailey 0-0: Ground out 6-3 (Groundball, 6)
Top of the 2nd over - 0 run(s), 1 hit(s), 0 error(s), 1 left on base; Portland 1 - Otsego 0
BOTTOM OF THE 2ND
Otsego Bulldogs batting - Pitching for Portland Privateers : LHP Wilbert Cooper
Batting: RHB Jesús Tisnado 0-0: SOLO HOME RUN (Flyball, 7LD), Distance : 367 ft
Batting: RHB Ramiro Chávez 0-0: Ball
1-0: Foul Ball, location: 2F
1-1: Called Strike
1-2: DOUBLE (Line Drive, 89D)
Pinch Runner at 2nd Luis Maldonado:
Batting: RHB Irving Galloway 0-0: Swinging Strike
0-1: Ball
1-1: Foul Ball, location: 2F
1-2: Ball
2-2: Strikes out swinging
Batting: RHB Kyung-bok Cho 0-0: 2-RUN HOME RUN (Flyball, 78XD), Distance : 399 ft
Batting: RHB Carlos Luna 0-0: Ball
1-0: Ball
2-0: DOUBLE (Line Drive, 78S)
Batting: RHB José Martínez 0-0: Called Strike
0-1: Ball
1-1: Ball
2-1: Swinging Strike
2-2: Fly out, F9 (Flyball, 9D)
Runner from 2nd tags up, SAFE at 3rd, no throw
Batting: RHB Luis Antonio Velásquez 0-0: Ball
1-0: Ball
2-0: Called Strike
2-1: Foul Ball, location: 2F
2-2: Ball
3-2: SINGLE (Line Drive, 56)
Carlos Luna scores
Batting: RHB Ryosei Yamamoto 0-0: Called Strike
0-1: Ball
1-1: Swinging Strike
1-2: DOUBLE (Line Drive, 9LS)
Luis Antonio Velásquez to third
Runner from 3rd tries for Home, throw and OUT!
Bottom of the 2nd over - 4 run(s), 6 hit(s), 0 error(s), 1 left on base; Portland 1 - Otsego 4
TOP OF THE 3RD
Portland Privateers batting - Pitching for Otsego Bulldogs : RHP Troy Parker
Now at 3B: Luis Maldonado
Batting: RHB Luis Pineda 0-0: Ball
1-0: Ball
2-0: Foul Ball, location: 2F
2-1: Ball
3-1: SINGLE (Groundball, 5D)
Batting: RHB Dave Nelson 0-0: Ball
1-0: Foul Ball, location: 2F
1-1: SINGLE (Groundball, 6MD)
Luis Pineda to second
Batting: RHB Troy Lau 0-0: Ball
1-0: Called Strike
1-1: Foul Ball, location: 2F
1-2: Foul Ball, location: 2F
1-2: Ball
2-2: Foul Ball, location: 2F
2-2: Ball
3-2: Foul Ball, location: 2F
3-2: Grounds into double play, 4-6-3 (Groundball, 4M)
Luis Pineda to third
Batting: SHB Patrick Larson 0-0: Ball
1-0: DOUBLE (Groundball, 3L)
Luis Pineda scores
Batting: RHB Santiago Zambrano 0-0: Ball
1-0: Called Strike
1-1: Foul Ball, location: 2F
1-2: Reached on error, E3 (Groundball, 34)
Patrick Larson to third
Batting: RHB Luther Stoffels 0-0: Foul Ball, location: 2F
0-1: Ball
1-1: Fly out, F8 (Flyball, 8LD)
Top of the 3rd over - 1 run(s), 3 hit(s), 1 error(s), 2 left on base; Portland 2 - Otsego 4
BOTTOM OF THE 3RD
Otsego Bulldogs batting - Pitching for Portland Privateers : LHP Wilbert Cooper
Batting: RHB Jorge Cisneros 0-0: Ball
1-0: Foul Ball, location: 2F
1-1: Foul Ball, location: 2F
1-2: Foul Ball, location: 2F
1-2: Ball
2-2: Ball
3-2: Foul Ball, location: 2F
3-2: Foul Ball, location: 2F
3-2: Ground out 5-3 (Groundball, 56)
Batting: RHB Jesús Tisnado 0-0: Ball
1-0: Fly out, F7 (Flyball, 7S)
Batting: RHB Luis Maldonado 0-0: Called Strike
0-1: Ground out 6-3 (Groundball, 56)
Bottom of the 3rd over - 0 run(s), 0 hit(s), 0 error(s), 0 left on base; Portland 2 - Otsego 4
TOP OF THE 4TH
Portland Privateers batting - Pitching for Otsego Bulldogs : RHP Troy Parker
Batting: LHB Jeff Dorney 0-0: Foul Ball, location: 2F
0-1: Ball
1-1: Called Strike
1-2: Strikes out swinging
Batting: LHB Yasuhiko Onodera 0-0: Ball
1-0: DOUBLE (Line Drive, 89XD)
Batting: RHB Joe Bailey 0-0: Foul Ball, location: 2F
0-1: Foul Ball, location: 2F
0-2: Ball
1-2: Fly out, F4 (Line Drive, 34)
Batting: RHB Luis Pineda 0-0: Reached on error, E5 (Groundball, 56)
Yasuhiko Onodera to third
Batting: RHB Dave Nelson 0-0: Ball
1-0: Swinging Strike
1-1: Ball
2-1: Foul Ball, location: 2F
2-2: Ball
3-2: Strikes out looking
Top of the 4th over - 0 run(s), 1 hit(s), 1 error(s), 2 left on base; Portland 2 - Otsego 4
BOTTOM OF THE 4TH
Otsego Bulldogs batting - Pitching for Portland Privateers : LHP Wilbert Cooper
Batting: RHB Irving Galloway 0-0: Ground out 4-3 (Groundball, 4)
Batting: RHB Kyung-bok Cho 0-0: Ball
1-0: Foul Ball, location: 2F
1-1: Foul Ball, location: 2F
1-2: SOLO HOME RUN (Flyball, 7D), Distance : 392 ft
Batting: RHB Carlos Luna 0-0: Ball
1-0: SINGLE (Groundball, 6MD)
Batting: RHB José Martínez 0-0: Ball
1-0: Foul Ball, location: 2F
1-1: Foul Ball, location: 2F
1-2: Foul Ball, location: 2F
1-2: Ball
2-2: Fly out, F4 (Flyball, 34D)
Batting: RHB Luis Antonio Velásquez 0-0: Called Strike
0-1: Ball
1-1: Foul Ball, location: 2F
1-2: Ball
2-2: Foul Ball, location: 2F
2-2: Foul Ball, location: 2F
2-2: Fly out, F8 (Line Drive, 8RM)
Bottom of the 4th over - 1 run(s), 2 hit(s), 0 error(s), 1 left on base; Portland 2 - Otsego 5
TOP OF THE 5TH
Portland Privateers batting - Pitching for Otsego Bulldogs : RHP Troy Parker
Batting: RHB Troy Lau 0-0: Called Strike
0-1: Called Strike
0-2: Ball
1-2: Foul Ball, location: 2F
1-2: Foul Ball, location: 2F
1-2: Fly out, F4 (Line Drive, 34)
Batting: SHB Patrick Larson 0-0: Called Strike
0-1: Ground out 6-3 (Groundball, 6M)
Batting: RHB Santiago Zambrano 0-0: Foul Ball, location: 2F
0-1: Ball
1-1: Called Strike
1-2: Ball
2-2: Ball
3-2: Foul Ball, location: 2F
3-2: Strikes out swinging
Top of the 5th over - 0 run(s), 0 hit(s), 0 error(s), 0 left on base; Portland 2 - Otsego 5
BOTTOM OF THE 5TH
Otsego Bulldogs batting - Pitching for Portland Privateers : LHP Wilbert Cooper
Pitching: RHP Ricardo Ontiveros
Batting: RHB Ryosei Yamamoto 0-0: SINGLE (Line Drive, 6MD)
Batting: RHB Jorge Cisneros 0-0: Ball
1-0: Foul Ball, location: 2F
1-1: Ball
2-1: Ball
3-1: Base on Balls
Ryosei Yamamoto to second
Batting: RHB Jesús Tisnado 0-0: Called Strike
0-1: Called Strike
0-2: Ball
1-2: Strikes out swinging
Batting: RHB Luis Maldonado 0-0: Ball
Ryosei Yamamoto steals 3rd base
Jorge Cisneros to second
1-0: Ball
2-0: Called Strike
2-1: Foul Ball, location: 2F
2-2: Foul Ball, location: 2F
2-2: Ball
3-2: Strikes out swinging
Batting: RHB Irving Galloway 0-0: Foul Ball, location: 2F
0-1: Called Strike
0-2: Ball
1-2: Ball
2-2: Strikes out swinging
Bottom of the 5th over - 0 run(s), 1 hit(s), 0 error(s), 2 left on base; Portland 2 - Otsego 5
TOP OF THE 6TH
Portland Privateers batting - Pitching for Otsego Bulldogs : RHP Troy Parker
Batting: RHB Luther Stoffels 0-0: Ball
1-0: Ball
2-0: Ground out 6-3 (Groundball, 6)
Batting: LHB Jeff Dorney 0-0: Ground out 4-3 (Groundball, 4)
Batting: LHB Yasuhiko Onodera 0-0: Foul Ball, location: 2F
0-1: Called Strike
0-2: Ball
1-2: Ball
2-2: DOUBLE (Line Drive, 7LS)
Batting: RHB Joe Bailey 0-0: Ball
1-0: Foul Ball, location: 2F
1-1: SINGLE (Line Drive, 34D)
Yasuhiko Onodera to third
Runner from 3rd tries for Home, SAFE, no throw
Pitching: LHP Mario Solíz
Batting: RHB Luis Pineda 0-0: Called Strike
0-1: Ball
1-1: DOUBLE (Line Drive, 8LXD)
Joe Bailey to third
Runner from 3rd tries for Home, SAFE, no throw
Batting: RHB Dave Nelson 0-0: Called Strike
0-1: Ball
1-1: Ball
2-1: Called Strike
2-2: Foul Ball, location: 2F
2-2: Strikes out swinging
Top of the 6th over - 2 run(s), 3 hit(s), 0 error(s), 1 left on base; Portland 4 - Otsego 5
BOTTOM OF THE 6TH
Otsego Bulldogs batting - Pitching for Portland Privateers : RHP Ricardo Ontiveros
Batting: RHB Kyung-bok Cho 0-0: Bunt missed!
0-1: Ball
1-1: Foul Ball, location: 2F
1-2: Ball
2-2: Ball
3-2: Base on Balls
Batting: RHB Carlos Luna 0-0: Called Strike
0-1: Ground out 3-1 (Groundball, 34S)
Kyung-bok Cho to second
Batting: RHB José Martínez 0-0: Fly out, F4 (Popup, 34)
Batting: RHB Luis Antonio Velásquez 0-0: Ball
1-0: Ball
2-0: Swinging Strike
2-1: Fly out, F2 (Popup, 13S)
Bottom of the 6th over - 0 run(s), 0 hit(s), 0 error(s), 1 left on base; Portland 4 - Otsego 5
TOP OF THE 7TH
Portland Privateers batting - Pitching for Otsego Bulldogs : LHP Mario Solíz
Batting: RHB Troy Lau 0-0: Ball
1-0: SOLO HOME RUN (Line Drive, 7LD), Distance : 366 ft
Batting: SHB Patrick Larson 0-0: Ball
1-0: Ball
2-0: Called Strike
2-1: Swinging Strike
2-2: Strikes out swinging, 2-3 out at first.
Batting: RHB Santiago Zambrano 0-0: Hit by Pitch
Batting: RHB Luther Stoffels 0-0: Ball
1-0: Ball
2-0: Ball
3-0: Called Strike
3-1: Swinging Strike
3-2: Grounds into double play, 6-4-3 (Groundball, 6)
Top of the 7th over - 1 run(s), 1 hit(s), 0 error(s), 0 left on base; Portland 5 - Otsego 5
BOTTOM OF THE 7TH
Otsego Bulldogs batting - Pitching for Portland Privateers : RHP Ricardo Ontiveros
Batting: RHB Ryosei Yamamoto 0-0: Called Strike
0-1: Ball
1-1: Ball
2-1: Ball
3-1: Fly out, F7 (Flyball, 78S)
Pitching: LHP Luke Brown
Batting: RHB Jorge Cisneros 0-0: Called Strike
0-1: Ball
1-1: Ball
2-1: Fly out, F9 (Flyball, 9)
Batting: RHB Jesús Tisnado 0-0: Ball
1-0: Swinging Strike
1-1: Swinging Strike
1-2: Strikes out swinging
Bottom of the 7th over - 0 run(s), 0 hit(s), 0 error(s), 0 left on base; Portland 5 - Otsego 5
TOP OF THE 8TH
Portland Privateers batting - Pitching for Otsego Bulldogs : LHP Mario Solíz
Batting: LHB Jeff Dorney 0-0: Ball
1-0: Ball
2-0: Foul Ball, location: 2F
2-1: Foul Ball, location: 2F
2-2: Strikes out swinging
Batting: LHB Yasuhiko Onodera 0-0: Called Strike
0-1: Fly out, F9 (Flyball, 9D)
Batting: RHB Joe Bailey 0-0: Ball
1-0: Ball
2-0: Ground out 4-3 (Groundball, 4)
Top of the 8th over - 0 run(s), 0 hit(s), 0 error(s), 0 left on base; Portland 5 - Otsego 5
BOTTOM OF THE 8TH
Otsego Bulldogs batting - Pitching for Portland Privateers : LHP Luke Brown
Batting: RHB Luis Maldonado 0-0: Ball
1-0: SINGLE (Line Drive, 34D)
Batting: RHB Irving Galloway 0-0: Ball
1-0: Called Strike
1-1: Grounds into double play, 5-4-3 (Groundball, 5)
Batting: RHB Kyung-bok Cho 0-0: Called Strike
0-1: Foul Ball, location: 2F
0-2: Ball
1-2: Ball
2-2: Ball
3-2: Foul Ball, location: 2F
3-2: Base on Balls
Pinch Hitting: RHB Jesús Ramírez 0-0: Called Strike
0-1: Called Strike
0-2: Ball
1-2: Fielders Choice at 2nd, 5-4 (Groundball, 56)
Bottom of the 8th over - 0 run(s), 1 hit(s), 0 error(s), 0 left on base; Portland 5 - Otsego 5
TOP OF THE 9TH
Portland Privateers batting - Pitching for Otsego Bulldogs : LHP Mario Solíz
Pitching: RHP Dave Johnston
Now in RF: Manuel Ortega
Batting: RHB Luis Pineda 0-0: SINGLE (Line Drive, 6)
Batting: RHB Dave Nelson 0-0: Called Strike
0-1: Bunted foul
0-2: Ball
1-2: Foul Ball, location: 2F
1-2: Strikes out swinging
Batting: RHB Troy Lau 0-0: Swinging Strike
0-1: Ball
1-1: Called Strike
1-2: Ball
2-2: Strikes out swinging
Batting: SHB Patrick Larson 0-0: Called Strike
0-1: Ball
1-1: SINGLE (Groundball, 4MD)
Luis Pineda to second
Runner from 2nd tries for 3rd, SAFE, throw made to third
Patrick Larson to second
Batting: RHB Santiago Zambrano 0-0: Foul Ball, location: 2F
0-1: Foul Ball, location: 2F
0-2: Ball
1-2: Strikes out swinging
Top of the 9th over - 0 run(s), 2 hit(s), 0 error(s), 2 left on base; Portland 5 - Otsego 5
BOTTOM OF THE 9TH
Otsego Bulldogs batting - Pitching for Portland Privateers : LHP Luke Brown
Pinch Hitting: RHB Pablo Morán 0-0: Called Strike
0-1: Foul Ball, location: 2F
0-2: Foul Ball, location: 2F
0-2: SINGLE (Groundball, 6D)
Batting: RHB Luis Antonio Velásquez 0-0: Sac Bunt - play at second, runner OUT! 1-6
Batting: RHB Ryosei Yamamoto 0-0: Called Strike
0-1: Called Strike
0-2: Ball
1-2: Ground out 4-3 (Groundball, 4S)
Luis Antonio Velásquez to second
Batting: RHB Jorge Cisneros 0-0: Ball
1-0: Ball
2-0: Called Strike
2-1: 2-RUN HOME RUN (Flyball, 7LD), Distance : 364 ft
Thursday, March 30th, 2017 - OOTP Baseball 17.12 Build 75